 Dungeon Crawl Stone Soup version 0.30.0-29-ga12c61a403 (webtiles) character file.

Game seed: 717418923021121915

675 AIAndy the Trooper (level 7, -7/61 HPs)
             Began as a Demonspawn Wanderer on June 18, 2023.
             Was an Initiate of Gozag.
             Mangled by Menkaure (10 damage)
             ... on level 5 of the Dungeon.
             The game lasted 00:21:12 (4356 turns).

AIAndy the Trooper (Demonspawn Wanderer)            Turns: 4356, Time: 00:21:13

Health: -7/61      AC: 11    Str: 12    XL:     7   Next: 33%
Magic:  11/11      EV:  6    Int: 11    God:    Gozag
Gold:   208        SH:  0    Dex: 17    Spells: 11/12 levels left

rFire   . . .        b - +0 battleaxe
rCold   + . .        (shield currently unavailable)
rNeg    . . .        u - +0 chain mail
rPois   .            y - +0 helmet
rElec   .            t - scarf {repulsion}
rCorr   .            D - +0 pair of gloves
SInv    .            (no boots)
Will    .....        (no amulet) Stlth
                     n - ring of protection from cold
HPRegen 0.30/turn    (no ring)
MPRegen 0.12/turn

%: repel missiles
@: no status effects
A: ignite blood 1, powered by pain 2
a: Renounce Religion, Potion Petition, Call Merchant, Bribe Branch


You were on level 5 of the Dungeon.
You worshipped Gozag.
Gozag was aware of your devotion.
You visited 1 branch of the dungeon, and saw 5 of its levels.

You collected 247 gold pieces.
You paid 39 gold pieces to Gozag.

Inventory:

Hand Weapons
 a - a +3 short sword
 b - a +0 battleaxe (weapon)
 g - a +1 short sword of freezing
Missiles
 p - 8 poisoned darts (quivered)
Armour
 c - a +0 robe
 d - a +0 scale mail
 j - a +0 cloak
 t - a scarf of repulsion (worn)
 u - a +0 chain mail (worn)
 y - a +0 helmet (worn)
 D - a +0 pair of gloves (worn)
Magical Staves
 o - a staff of earth
Jewellery
 n - a ring of protection from cold (left hand)
Wands
 F - a wand of iceblast (6)
Scrolls
 f - a scroll of enchant weapon {unknown}
 i - 3 scrolls of magic mapping {unknown}
 m - 2 scrolls of amnesia {unknown}
 q - a scroll of fear {unknown}
 s - a scroll of blinking {unknown}
 v - 3 scrolls of identify {unknown}
 x - a scroll of fog {unknown}
 z - 2 scrolls of teleportation {unknown}
 A - 2 scrolls of vulnerability {unknown}
 B - a scroll of acquirement {unknown}
Potions
 e - 2 potions of berserk rage {unknown}
 h - 2 potions of curing {unknown}
 k - 2 potions of haste {unknown}
 l - 3 potions of heal wounds {unknown}
 r - a potion of brilliance {unknown}
 w - a potion of flight {unknown}
 E - a potion of invisibility {unknown}


   Skills:
 + Level 7.8 Fighting
 - Level 3.6 Short Blades
 - Level 0.9 Axes
 + Level 2.2 Armour
 - Level 3.0 Spellcasting


You had 11 spell levels left.
You knew the following spells:

 Your Spells              Type           Power      Damage    Failure   Level
a - Apportation           Tloc           2%         N/A       100%        1

Your spell library contained the following spells:

 Spells                   Type           Power      Damage    Failure   Level
 Lesser Beckoning         Tloc           2%         N/A       100%        2
 Call Canine Familiar     Summ           1%         N/A       100%        3
 Gell's Gravitas          Tloc           1%         N/A       100%        3
 Portal Projectile        Hex/Tloc       2%         N/A       100%        3
 Teleport Other           Tloc           1%         N/A       100%        3
 Volatile Blastmotes      Fire/Tloc      2%         2d10      100%        3
 Leda's Liquefaction      Hex/Erth       0%         N/A       100%        4


Dungeon Overview and Level Annotations

Branches:
Dungeon (5/15)
 Temple: D:4-7

Altars:
Gozag
Qazlal
Uskayaw

Annotations:
D:2 1 runed translucent door, Crazy Yiuf
D:5 3 runed translucent doors, Menkaure; Tyszek's ghost, weakling MiDe


Innate Abilities, Weirdness & Mutations

Your demonic aura sometimes causes spilled blood to erupt in flames.
You sometimes gain power by taking damage.


Message History

You throw a javelin. The javelin barely misses Menkaure.
Throw: 9 darts (poison)
Press: ? - help, Q - select action, (/) - cycle Shift-Dir - straight line, f/p - Menkaure
Aim: Menkaure (moderately damaged, 77% to hit)
You throw a poisoned dart. The poisoned dart hits Menkaure.
Menkaure is moderately damaged.
You slash Menkaure!
Menkaure is severely damaged.
Menkaure mumbles some strange words.
Menkaure seems to speed up.
You hit Menkaure but do no damage.
Menkaure is severely damaged.
Menkaure hits you! Menkaure hits you but does no damage.
You slash Menkaure!
Menkaure is almost destroyed.
Menkaure hits you but does no damage.
Menkaure forgets how to speak, silenced by the ages.
Menkaure gestures at you while chanting.
Pain shoots through your body!
You closely miss Menkaure.
Menkaure is almost destroyed.
Menkaure barely misses you.
Menkaure calls on the powers of darkness!
Your body is wracked with pain!
You barely miss Menkaure.
Menkaure is almost destroyed.
Menkaure hits you!!
* * * LOW HITPOINT WARNING * * *
Tyszek's ghost whispers, "It is all a dream - a grotesque and foolish dream."
Menkaure hits you but does no damage.
You barely miss Menkaure.
Menkaure is almost destroyed.
Menkaure barely misses you.
Menkaure calls on the powers of darkness!
You feel a surge of unholy energy.
You barely miss Menkaure.
Menkaure is almost destroyed.
Menkaure hits you!
You die...
Your body crumbles into a pile of gold.

###.......[ ##.##
#.......... .((
#.###.....# ... #.#
#.....# .>.
##.###.#.#.# $ #(#
#........... #.#
##..##...##.#
#M####...........#
#@................
#.####...........#
.####.............##.#
.........##...##...##.#
........8....########.#
+++######...#########.#
..oooWoo###...........#
####.ooo# #############
....###.#


You could see Menkaure (fast), an orc priest, Tyszek's ghost and 5 orcs.

Vanquished Creatures
  Grinder (D:5)
  2 scorpions
  A howler monkey (D:4)
  A hound (D:3)
  Jessica (D:2)
  2 sleepcaps (D:4)
  An orc wizard (D:5)
  Robin (D:3)
  3 gnolls (D:4)
  2 adders
  A shadow imp (D:5)
  2 worms
  3 dart slugs
  9 orcs
  7 bats
  5 endoplasms
  6 giant cockroaches
  15 goblins
  12 hobgoblins
  5 jackals (D:2)
  2 quokkas
  6 ball pythons
  4 frilled lizards
  7 kobolds
  3 rats (D:1)
102 creatures vanquished.

Notes
Turn   | Place    | Note
-------+----------+-------------------------------------------
     0 | D:1      | AIAndy the Demonspawn Wanderer began the quest for the Orb.
     0 | D:1      | AIAndy set off with the following items: a +3 short sword,
                  | a potion of lignification, a +0 robe; and the following
                  | spell memorised: Apportation; and the following spells
                  | available to memorise: Volatile Blastmotes.
     0 | D:1      | Reached XP level 1. HP: 16/16 MP: 4/4
   213 | D:1      | Found a faded altar of an unknown god.
   266 | D:1      | Gained mutation: Your demonic aura sometimes causes spilled
                  | blood to erupt in flames. [demonic ancestry]
   266 | D:1      | Reached XP level 2. HP: 23/23 MP: 6/6
   344 | D:1      | Reached skill level 3 in Fighting
  1071 | D:2      | Gained mutation: You sometimes gain a little power by
                  | taking damage. [demonic ancestry]
  1071 | D:2      | Reached XP level 3. HP: 28/29 MP: 7/7
  1180 | D:2      | Noticed Jessica
  1193 | D:2      | Killed Jessica
  1194 | D:2      | Reached skill level 4 in Fighting
  1218 | D:2      | Gained mutation: You sometimes gain power by taking damage.
                  | [demonic ancestry]
  1218 | D:2      | Reached XP level 4. HP: 38/38 MP: 8/8
  1629 | D:2      | Found a runed translucent door.
  1630 | D:2      | Noticed Crazy Yiuf
  1742 | D:3      | Noticed Robin
  1762 | D:3      | Killed Robin
  1777 | D:3      | Reached skill level 5 in Fighting
  1828 | D:3      | Noticed a scorpion
  1836 | D:3      | Killed a scorpion
  1837 | D:3      | Reached XP level 5. HP: 45/45 MP: 9/9
  2159 | D:3      | Reached skill level 6 in Fighting
  2467 | D:3      | Found a stormy altar of Qazlal.
  2467 | D:3      | Found a hide-covered altar of Uskayaw.
  2669 | D:4      | Reached XP level 6. HP: 50/53 MP: 10/10
  3334 | D:4      | Found an opulent altar of Gozag.
  3339 | D:4      | Became a worshipper of Gozag Ym Sagoz the Greedy
  3992 | D:5      | Entered Level 5 of the Dungeon
  4024 | D:5      | Reached skill level 7 in Fighting
  4156 | D:5      | Noticed Grinder
  4162 | D:5      | Paralysed by Grinder for 2 turns
  4177 | D:5      | Killed Grinder
  4178 | D:5      | Reached XP level 7. HP: 38/60 MP: 11/11
  4331 | D:5      | Found a runed translucent gate.
  4331 | D:5      | Identified the +4 spear of the Two Names {flame, +Blink rC+
                  | Str-3 Int+2}
  4331 | D:5      | Identified the +0 chain mail of Pijonkiv {+Blink rF+ Int-4}
  4331 | D:5      | Noticed Tyszek's ghost (weakling MiDe)
  4333 | D:5      | Found a runed translucent gate.
  4344 | D:5      | Found a runed translucent gate.
  4345 | D:5      | Noticed Menkaure
  4354 | D:5      | HP: 2/61 [Menkaure (18)]
  4356 | D:5      | Mangled by Menkaure

Illustrated notes

Levels and vault maps discovered:
D:1:      spicycebolla_arrival_risky_transporter, layout_loops_ring,
          hellmonk_ecumenical_altar_blasted
D:2:      layout_loops_ring, minmay_stone_trees_small, uniq_crazy_yiuf_cottage,
          uniq_jessica
D:3:      layout_basic, amethyst_overflow_temple_binary, uniq_robin
D:4:      layout_cave_pods, marbit_many_paths
D:5:      layout_loops_ring, biasface_ghost_orc_armoury, nicolae_goblin_pals,
          uniq_menkaure, uniq_grinder

Skill      XL: |  1  2  3  4  5  6 |
---------------+-------------------+-----
Fighting       | 3 4 5 6 7 |  7.8
Armour         | 2 |  2.2
Short Blades   | |  3.6
Axes           | |  0.9
Spellcasting   | |  3.0

Action                     |  1- 3 |  4- 6 |  7- 9 || total
---------------------------+-------+-------+-------++-------
  Melee: Short sword       |    88 |   202 |       ||   290
         Battleaxe         |       |    49 |    14 ||    63
         Punch             |       |     1 |       ||     1
  Throw: Dart              |     4 |    20 |     2 ||    26
         Javelin           |       |     2 |     2 ||     4
    Use: Potion            |       |     1 |       ||     1
 Armour: Scale mail        |    34 |     1 |       ||    35
         Robe              |     1 |       |       ||     1
         Chain mail        |       |   120 |     9 ||   129
         Skin              |       |     3 |       ||     3
  Dodge: Dodged            |    34 |    63 |     3 ||   100
         Repelled          |       |     2 |       ||     2
